 Dungeon Crawl Stone Soup version 0.31.0-32-g396128a36d (webtiles) character file.

Game seed: 8327258597930822914

524 KKCryptic the Changeling (level 7, 0/64 HPs)
             Began as an Octopode Shapeshifter on Apr 1, 2024.
             Constricted to death by a ball python (1 damage)
             ... in a sewer on Apr 2, 2024.
             The game lasted 00:10:32 (3329 turns).

KKCryptic the Changeling (Octopode Shapeshifter)    Turns: 3329, Time: 00:10:33

Health: 0/64       AC:  1    Str: 16    XL:     7   Next: 22%
Magic:  7/7        EV: 10    Int: 13    God:
Gold:   14         SH:  0    Dex: 13    Spells: 6/6 levels left

rFire   . . .        r - +1 rapier "Masialic" {heavy, Str+3 SInv}
rCold   . . .        (no shield)
rNeg    . . .        (helmet currently unavailable)
rPois   .            q - amulet of magic regeneration
rElec   .            l - ring of willpower
rCorr   .            (no ring)
SInv    +            (no ring)
Will    +....        (no ring) Stlth
                     (no ring)
HPRegen 0.30/turn    (no ring)
MPRegen 0.50/turn    (no ring)
                     (no ring)

%: no passive effects
@: berserking, beast-form, constricted, very quick
A: beast (slay +3), almost no armour, amphibious, 8 rings, camouflage 1,
gelatinous body 1, (nimble swimmer 1), tentacles
a: Begin Untransformation


You were in a sewer.
You were a hulking beast.
You visited 1 branch of the dungeon, and saw 5 of its levels.
You also visited: Sewer.

You collected 209 gold pieces.
You spent 195 gold pieces at shops.

Inventory:

Hand Weapons
 r - the +1 rapier "Masialic" (weapon) {heavy, Str+3 SInv}
   (You found it on level 4 of the Dungeon)

   Str+3:     It affects your strength (+3).
   SInv:      It lets you see invisible.
Missiles
 n - 3 atropa-tipped darts (quivered)
Jewellery
 l - a ring of willpower (left tentacle)
 q - an amulet of magic regeneration (around mantle)
Talismans
 b - a beast talisman
 c - a flux talisman
 g - a serpent talisman
Wands
 i - a wand of digging (7)
 s - a wand of mindburst (17)
Scrolls
 h - 2 scrolls of blinking
 k - 2 scrolls of amnesia
 p - a scroll of poison
 t - a scroll of teleportation
 v - a scroll of fear
Potions
 a - 2 potions of lignification
 e - 5 potions of curing
 f - a potion of haste {unknown}
 j - 2 potions of cancellation
 m - a potion of invisibility {unknown}
 o - 2 potions of ambrosia
 u - a potion of heal wounds


   Skills:
 - Level 1.0 Fighting
 * Level 1.9 Short Blades
 - Level 2.0 Dodging
 + Level 4.9 Stealth
 + Level 4.6 Unarmed Combat
 + Level 5.3 Shapeshifting


You had 6 spell levels left.
You didn't know any spells.
Your spell library contained the following spells:

 Spells                   Type           Power      Damage    Failure   Level
 Foxfire                  Conj/Fire      0%         2x1d4     30%         1
 Plasma Beam              Fire/Air       0%         2x1d10    100%        6
 Starburst                Conj/Fire      0%         6d3       100%        6


Dungeon Overview and Level Annotations

Branches:
Dungeon (5/15)              Sewer (1/1)
 Temple: D:4-7

Altars:

Shops:
D:2 !   D:3 *[!::   D:5 ![


Innate Abilities, Weirdness & Mutations

You are a hulking beast.
Your limbs bulge with bestial killing power. (Slay +3)
You cannot wear most types of armour.
You are amphibious.
You can wear up to eight rings at the same time.
Your skin changes colour to match your surroundings (Stealth+).
Your rubbery body absorbs attacks. (AC +1, EV +1)
((You are camouflaged when in or above water. (Stealth+)))
You have tentacles for arms and can constrict up to eight enemies at once.


Message History

You closely miss the bullfrog.
The bullfrog gives a loud, deep croak!
Your grab misses the bullfrog. Your squeeze misses the bullfrog.
The bullfrog misses you. The bullfrog closely misses you.
You miss the bullfrog. Your grab misses the bullfrog. The bullfrog hits you.
The ball python completely misses you. The ball python closely misses you.
The bullfrog closely misses you. The bullfrog hits you!
The ball python misses you. The ball python grabs you.
The ball python constricts you. The bullfrog hits you. x2
A red film seems to cover your vision as you go berserk!
You feel yourself moving faster!
You feel mighty! The bullfrog hits you! The ball python misses you.
The ball python constricts you. The bullfrog hits you! x2
* * * LOW HITPOINT WARNING * * *
You puncture the bullfrog! Your grab misses the bullfrog.
The bullfrog is severely wounded.
The bullfrog hits you.
* * * LOW HITPOINT WARNING * * *
The ball python barely misses you. The ball python constricts you.
The bullfrog barely misses you. The bullfrog hits you!
* * * LOW HITPOINT WARNING * * *
The ball python closely misses you. The ball python constricts you.
* * * LOW HITPOINT WARNING * * *
You barely miss the bullfrog. Your grab misses the bullfrog.
You squeeze the bullfrog!
You kill the bullfrog!
The bullfrog closely misses you. The ball python misses you.
The ball python constricts you.
* * * LOW HITPOINT WARNING * * *
The bullfrog hits you!
* * * LOW HITPOINT WARNING * * *
You puncture the bullfrog! You grab the bullfrog.
The bullfrog is heavily wounded.
You constrict the bullfrog. The bullfrog hits you.
* * * LOW HITPOINT WARNING * * *
The ball python completely misses you. The ball python constricts you.
* * * LOW HITPOINT WARNING * * *
The bullfrog barely misses you. The ball python barely misses you.
The ball python constricts you.
You die...

##~~~~~.~#########~~~~~~~##
##~~~~~####~~~~~.~####~~~~~##
##~~~~###~~~†~~.~~~~~~###.~~.#
#~~~.##~~.~.#######~~.~~##~~~~
##~~~##~~~~###≈≈≈≈≈###~~~~##~.~
#~~~~#~.~~##≈≈~~~≈≈≈≈##~~.~#~.~
##~~~##~~~##≈~~..~..≈≈≈##.†~##~~
#.~.†#~~~~#≈~..?S!....≈ #~.~~#~~
#∩.~~#~~~~#~~.?h?...~~. #..~~#~.
#.~.~#~~..#~~~.$F~~~.~≈ #~~.~#.~
##~~~##~†~#~~..~~~~~~≈≈##...##†~
#.~~~#~..#~~..~~~.~≈≈##~~~~#~~~
##~~~##~~##~~#~~~≈≈###†~~~##.~~
#~..~##.~#~~#######~~.~.##~~~.
##~~†~#.~##~...~~†~~~~###~~~.#
##~.~.~~.#..~.~~~~####~~~~.##
####~~~#######~∩~#~~~.~~.##


You could see a bullfrog and a ball python.

Vanquished Creatures
  A bullfrog (Sewer)
  A hound (D:4)
  A jelly (D:5)
  A gnoll bouda (D:4)
  Terence (D:2)
  Natasha (thrice) (D:2)
  Robin (D:3)
  9 adders
  3 gnolls (D:4)
  11 dart slugs
  3 orcs
  12 ball pythons
  9 endoplasms
  7 giant cockroaches
  17 goblins
  13 hobgoblins
  2 jackals (D:2)
  5 quokkas
  9 bats
  12 frilled lizards
  3 kobolds
  10 rats
134 creatures vanquished.

Notes
Turn   | Place    | Note
-------+----------+-------------------------------------------
     0 | D:1      | KKCryptic the Octopode Shapeshifter began the quest for the
                  | Orb.
     0 | D:1      | Reached XP level 1. HP: 13/13 MP: 1/1
   102 | D:1      | Reached XP level 2. HP: 8/18 MP: 2/2
   153 | D:1      | Reached skill level 1 in Stealth
   356 | D:1      | Reached XP level 3. HP: 20/23 MP: 3/3
   795 | D:2      | Noticed Natasha
   804 | D:2      | Killed Natasha
   805 | D:2      | Reached XP level 4. HP: 16/28 MP: 4/4
   863 | D:2      | Noticed Terence
   870 | D:2      | Killed Terence
   871 | D:2      | Reached skill level 4 in Shapeshifting
  1212 | D:2      | Found Yproedoe's Distillery.
  1235 | D:2      | Noticed Natasha
  1239 | D:2      | Killed Natasha
  1240 | D:2      | Reached XP level 5. HP: 20/33 MP: 5/5
  1349 | D:2      | Noticed Natasha
  1353 | D:2      | Killed Natasha
  1369 | D:3      | Found Igaot's General Store.
  1617 | D:3      | Noticed Robin
  1629 | D:3      | Killed Robin
  1655 | D:3      | Found Xonguz's Distillery.
  1666 | D:3      | Bought a potion of curing for 39 gold pieces
  1666 | D:3      | Bought a potion of curing for 39 gold pieces
  1687 | D:3      | Found Emor's Book Shop.
  1742 | D:3      | Reached XP level 6. HP: 35/38 MP: 6/6
  1826 | D:3      | Found Qyiceag's Book Emporium.
  1970 | D:3      | Found Hezxog's Antique Armour Boutique.
  2163 | D:4      | Reached skill level 5 in Shapeshifting
  2553 | D:4      | Identified the +1 rapier "Masialic" {heavy, Str+3 SInv}
  2968 | D:5      | Entered Level 5 of the Dungeon
  2978 | D:5      | Found Ewkeg's Antique Armour Shop.
  2983 | D:5      | Found Sukafis's Distillery.
  2993 | D:5      | Bought a potion of heal wounds for 65 gold pieces
  2993 | D:5      | Bought a potion of curing for 39 gold pieces
  2993 | D:5      | Bought a potion of degeneration for 13 gold pieces
  3017 | D:5      | Reached skill level 1 in Short Blades
  3137 | D:5      | Found a glowing drain.
  3141 | Sewer    | Entered a sewer
  3248 | Sewer    | Reached XP level 7. HP: 33/43 MP: 7/7
  3328 | Sewer    | HP: 2/64 [bullfrog (7)]
  3329 | Sewer    | Constricted to death by a ball python

Illustrated notes

Levels and vault maps discovered:
D:1:      kennysheep_arrival_forest, layout_rooms, minmay_box_of_dots
D:2:      layout_loops_ring, serial_shops, nicolae_shop_pleasant_corner_grove,
          hangedman_decor_slide_cut, chequers_serial_rivers_marsh, uniq_terence,
          uniq_natasha
D:3:      layout_loops_ring, serial_shops, nicolae_shop_just_a_little_nook,
          nicolae_shop_tiny_real_fake_doors, shop, nicolae_diamond_shop,
          nicolae_shop_statue_plus, kennysheep_generic_room_2, uniq_robin
D:4:      layout_loops_ring, serial_glass, glass_columns_a, glass_columns_a
D:5:      layout_cave_pods, minmay_temple_entry_junction, serial_shops,
          nicolae_shop_stone, shop, shop_fountains, shop, shop,
          gup_sewer_entry_bowl
Sewer:    sewer_frog_island_02

Skill      XL: |  1  2  3  4  5  6 |
---------------+-------------------+-----
Stealth        | 1 2 3 4 |  4.9
Shapeshifting  | 4 5 |  5.3
Unarmed Combat | 4 |  4.6
Short Blades   | 1 |  1.9
Fighting       | |  1.0
Dodging        | |  2.0

Action                     |  1- 3 |  4- 6 |  7- 9 || total
---------------------------+-------+-------+-------++-------
  Melee: Unarmed           |    74 |   100 |       ||   174
         Constrict         |    20 |    34 |     7 ||    61
         Tentacles         |    10 |    22 |     6 ||    38
         Punch             |     1 |     4 |       ||     5
         Rapier            |       |    35 |    24 ||    59
    Use: Scroll            |     2 |     7 |       ||     9
         Potion            |       |       |     1 ||     1
   Stab: Sleeping          |     4 |    28 |     6 ||    38
         Distracted        |       |     1 |       ||     1
 Armour: Skin              |    35 |    47 |    13 ||    95
  Dodge: Dodged            |    54 |    65 |    24 ||   143
